[Event "AUT-ch U18-Open 2025"]
[Site "Fuerstenfeld"]
[Date "2025.04.15"]
[Round "4.1"]
[White "Balint, Peter"]
[Black "Leitgeb, Julian"]
[Result "1/2-1/2"]
[Annotator "RC"]
[ECO "B53"]
[WhiteElo "2366"]
[BlackElo "2313"]
[PlyCount "96"]
[EventDate "2025.04.12"]
[EventType "swiss"]
[EventCountry "AUT"]
[SourceTitle "playchess.com"]
[Source "ChessBase"]
[SourceQuality "1"]
[TimeControl "5400+30"]

1. e4 c5 2. Nf3 d6 3. Nc3 a6 4. d4 cxd4 5. Qxd4 Nc6 6. Qe3 g6 7. Be2 Bh6 8. Qd3 Bg7 9. O-O Nf6 10. Nd5 O-O 11. c3 Bg4 12. Bg5 Nd7 13. Rfd1 h6 14. Bf4 Rc8 15. Qd2 Kh7 16. h3 Bxf3 17. Bxf3 Nce5 18. Be2 Nc5 19. Qc2 b5 20. Bg3 e6 21. Ne3 Qb6 22. f4 Nxe4 23. Qxe4 f5 24. Qd4 Nf3+ 25. Bxf3 Bxd4 26. cxd4 g5 27. Kh2 Rc7 28. h4 gxf4 29. Bxf4 Re7 30. Rac1 Rc7 31. Ra1 Re7 32. a4 Qb8 33. axb5 e5 34. Nd5 Rg7 35. Bg3 Qxb5 36. dxe5 Rxg3 37. Kxg3 dxe5 38. Rac1 Qb8 39. Rc7+ Kh8 40. Be2 e4 41. Kf2 Qxb2 42. Rd7 f4 43. Ne7 f3 44. Ng6+ Kg8 45. Ne7+ Kf7 46. Nc6+ Kg8 47. Ne7+ Kf7 48. Nc6+ Kg8 1/2-1/2

[Event "AUT-ch U18-Open 2025"]
[Site "Fuerstenfeld"]
[Date "2025.04.15"]
[Round "4.2"]
[White "Jetzl, Julian"]
[Black "Gschiel, Alexander"]
[Result "1-0"]
[Annotator "RC"]
[ECO "D35"]
[WhiteElo "2146"]
[BlackElo "2317"]
[PlyCount "71"]
[EventDate "2025.04.12"]
[EventType "swiss"]
[EventCountry "AUT"]
[SourceTitle "playchess.com"]
[Source "ChessBase"]
[SourceQuality "1"]
[TimeControl "5400+30"]

1. d4 d5 2. c4 e6 3. Nc3 Nf6 4. cxd5 exd5 5. Bg5 c6 6. e3 Bd6 7. Bd3 O-O 8. Qc2 h6 9. Bh4 Re8 10. Nge2 a5 11. h3 Na6 12. a3 Nc7 13. O-O Ne6 14. f3 Ng5 15. f4 Nxh3+ 16. gxh3 Bxh3 17. Rf3 Bg4 18. Bxf6 Qxf6 19. Rg3 h5 20. Nd1 Qe6 21. Nec3 f5 22. Nf2 h4 23. Nxg4 hxg3 24. Bxf5 Qe7 25. Kg2 Red8 26. Rh1 Qf7 27. Qb1 Bc7 28. Bg6 Qe6 29. f5 Qc8 30. Rh8+ Kxh8 31. Qh1+ Kg8 32. Qh7+ Kf8 33. Qh8+ Ke7 34. Qxg7+ Kd6 35. Qe5+ Kd7 36. Qe6# 1-0

[Event "AUT-ch U18-Open 2025"]
[Site "Fuerstenfeld"]
[Date "2025.04.15"]
[Round "4.3"]
[White "Gold, Theodor"]
[Black "Wendl, Philipp"]
[Result "1/2-1/2"]
[Annotator "ChessBase"]
[ECO "C67"]
[WhiteElo "2066"]
[BlackElo "2268"]
[PlyCount "60"]
[EventDate "2025.04.12"]
[EventType "swiss"]
[EventCountry "AUT"]
[SourceTitle "playchess.com"]
[Source "ChessBase"]
[SourceQuality "1"]
[TimeControl "5400+30"]

1. e4 e5 2. Nf3 Nc6 3. Bb5 Nf6 4. O-O Nxe4 5. d4 Nd6 6. dxe5 Nxb5 7. a4 d6 8. axb5 Nxe5 9. Re1 Be7 10. Nxe5 dxe5 11. Qxd8+ Kxd8 12. Rxe5 Be6 13. Nc3 b6 14. Bg5 Bxg5 15. Rxg5 g6 16. Ne2 Kc8 17. Nd4 Rd8 18. c3 Kb7 19. b4 Bc4 20. h4 Re8 21. Kh2 Re4 22. h5 Rae8 23. hxg6 hxg6 24. Kg3 Re1 25. Ra3 Rd1 26. Nc6 Bxb5 27. Na5+ bxa5 28. Rxb5+ Kc8 29. Rbxa5 Rd3+ 30. f3 Ree3 1/2-1/2

[Event "AUT-ch U18-Open 2025"]
[Site "Fuerstenfeld"]
[Date "2025.04.15"]
[Round "4.4"]
[White "Pedevilla, Luis"]
[Black "Gruenwald, Simon"]
[Result "0-1"]
[Annotator "NA"]
[ECO "B15"]
[WhiteElo "1925"]
[BlackElo "2101"]
[PlyCount "102"]
[EventDate "2025.04.12"]
[EventType "swiss"]
[EventCountry "AUT"]
[SourceTitle "playchess.com"]
[Source "ChessBase"]
[SourceQuality "1"]
[TimeControl "5400+30"]

1. e4 c6 2. d4 d5 3. Nc3 dxe4 4. Nxe4 Nf6 5. Nxf6+ exf6 6. c3 Bd6 7. Bd3 O-O 8. Qc2 Re8+ 9. Ne2 h5 10. Be3 Nd7 11. O-O-O b5 12. d5 c5 13. Bxb5 Rb8 14. c4 a6 15. Ba4 Re5 16. Ng3 Nb6 17. Bc6 h4 18. Ne4 Bf5 19. f3 Qe7 20. Rhe1 Bxe4 21. fxe4 Rxe4 22. Bf2 f5 23. Rxe4 fxe4 24. Re1 f5 25. b3 Bxh2 26. Qc3 Bd6 27. Rh1 Qg5+ 28. Kd1 Qxg2 29. Rg1 Qf3+ 30. Qxf3 exf3 31. Bxh4 Kf7 32. Rf1 Rh8 33. Bg5 Kg6 34. Be3 f4 35. Bf2 Rh3 36. a4 Nc8 37. b4 cxb4 38. c5 Be5 39. d6 Nxd6 40. cxd6 Bxd6 41. a5 Kf6 42. Bd4+ Be5 43. Bf2 g5 44. Rg1 b3 45. Bd5 b2 46. Be4 Bc3 47. Kc2 Bxa5 48. Bd4+ Ke6 49. Rxg5 Rh2+ 50. Kb1 f2 51. Rxa5 f1=Q+ 0-1

[Event "AUT-ch U18-Open 2025"]
[Site "Fuerstenfeld"]
[Date "2025.04.15"]
[Round "4.5"]
[White "Mangeng, Lukas"]
[Black "Loretz, Jonas"]
[Result "1/2-1/2"]
[Annotator "NA"]
[ECO "D13"]
[WhiteElo "1688"]
[BlackElo "1869"]
[PlyCount "76"]
[EventDate "2025.04.12"]
[EventType "swiss"]
[EventCountry "AUT"]
[SourceTitle "playchess.com"]
[Source "ChessBase"]
[SourceQuality "1"]
[TimeControl "5400+30"]

1. d4 d5 2. Nf3 Nf6 3. Bf4 c5 4. c3 Nc6 5. e3 e6 6. Bd3 Bd6 7. O-O Bxf4 8. exf4 cxd4 9. cxd4 O-O 10. Nc3 a6 11. Re1 Qd6 12. Qd2 b5 13. a3 Bd7 14. b4 Rfc8 15. Rac1 Rc7 16. Bxb5 Ne4 17. Nxe4 dxe4 18. Bxc6 Bxc6 19. Ne5 Bd5 20. Rxc7 Qxc7 21. Rc1 Qd6 22. Qc3 f6 23. Qc8+ Qd8 24. Qxd8+ Rxd8 25. Nc6 Bxc6 26. Rxc6 Rxd4 27. Kf1 a5 28. b5 a4 29. Rc1 Rd3 30. b6 Rb3 31. Rc8+ Kf7 32. Rc7+ Kg6 33. b7 h5 34. g3 Rb2 35. Rc4 Rxb7 36. Rxe4 Kf5 37. Rxa4 Rb2 38. Kg2 Ra2 1/2-1/2

[Event "AUT-ch U18-Open 2025"]
[Site "Fuerstenfeld"]
[Date "2025.04.15"]
[Round "4.6"]
[White "Hake, Nils"]
[Black "Zaytsev, Alexander"]
[Result "1/2-1/2"]
[Annotator "ChessBase"]
[ECO "D73"]
[WhiteElo "2054"]
[BlackElo "2178"]
[PlyCount "64"]
[EventDate "2025.04.12"]
[EventType "swiss"]
[EventCountry "AUT"]
[SourceTitle "playchess.com"]
[Source "ChessBase"]
[SourceQuality "1"]
[TimeControl "5400+30"]

1. Nf3 Nf6 2. g3 d5 3. Bg2 g6 4. c4 c6 5. O-O Bg7 6. d4 dxc4 7. a4 a5 8. Na3 O-O 9. Nxc4 Be6 10. Qc2 Bd5 11. Re1 b5 12. Ncd2 Na6 13. e4 Nb4 14. Qd1 Be6 15. Bf1 Qb6 16. Nb3 Bg4 17. Bg2 Rfd8 18. axb5 cxb5 19. Bd2 Ne8 20. Bc3 Nc6 21. d5 Bxc3 22. bxc3 a4 23. Nbd2 Ne5 24. Qb1 Bxf3 25. Nxf3 Nxf3+ 26. Bxf3 Qc5 27. Qb2 Nd6 28. Reb1 Rab8 29. Qc2 Nc4 30. Rb4 Na5 31. Qb2 Nb3 32. Rb1 Rdc8 1/2-1/2

[Event "AUT-ch U18-Open 2025"]
[Site "Fuerstenfeld"]
[Date "2025.04.15"]
[Round "4.7"]
[White "Archan, Elikya"]
[Black "Fitz, Jonathan David"]
[Result "1/2-1/2"]
[Annotator "NA"]
[ECO "D35"]
[WhiteElo "2048"]
[BlackElo "1918"]
[PlyCount "84"]
[EventDate "2025.04.12"]
[EventType "swiss"]
[EventCountry "AUT"]
[SourceTitle "playchess.com"]
[Source "ChessBase"]
[SourceQuality "1"]
[TimeControl "5400+30"]

1. d4 Nf6 2. c4 e6 3. Nc3 d5 4. cxd5 exd5 5. Bg5 Be7 6. e3 O-O 7. Bd3 c6 8. Nge2 Re8 9. O-O Nbd7 10. a4 a5 11. Qc2 h6 12. Bh4 Ne4 13. Bxe7 Qxe7 14. Bxe4 dxe4 15. d5 Nf6 16. dxc6 bxc6 17. Rfd1 Qe5 18. h3 Rb8 19. Rd2 Be6 20. Nd4 Bd7 21. Rc1 Qg5 22. Kh1 Qh4 23. Kg1 Re5 24. f4 Rc5 25. Qd1 Qg3 26. Qe1 Qxe1+ 27. Rxe1 h5 28. Rc1 Rb4 29. Rdc2 Kf8 30. b3 Bc8 31. Na2 Rxc2 32. Rxc2 Rb8 33. Rxc6 Be6 34. Nxe6+ fxe6 35. Nc1 Rd8 36. Ne2 Rd3 37. Kf2 Rxb3 38. Ra6 Nd5 39. Rxa5 Rb2 40. Rc5 Nb4 41. Rc8+ Kf7 42. g4 Nd3+ 1/2-1/2

[Event "AUT-ch U18-Open 2025"]
[Site "Fuerstenfeld"]
[Date "2025.04.15"]
[Round "4.8"]
[White "Maier, Tobias"]
[Black "Kuti, Oliver"]
[Result "1-0"]
[Annotator "NA"]
[ECO "B51"]
[WhiteElo "1915"]
[BlackElo "2008"]
[PlyCount "65"]
[EventDate "2025.04.12"]
[EventType "swiss"]
[EventCountry "AUT"]
[SourceTitle "playchess.com"]
[Source "ChessBase"]
[SourceQuality "1"]
[TimeControl "5400+30"]

1. e4 c5 2. Nf3 d6 3. Bb5+ Nd7 4. O-O a6 5. Be2 Ngf6 6. d3 b5 7. Nfd2 Bb7 8. f4 g6 9. Bf3 Qc7 10. a4 Bg7 11. Nc3 b4 12. Ne2 O-O 13. g4 Nb8 14. Ng3 Nc6 15. Bg2 Nd7 16. Nc4 Na5 17. Nxa5 Qxa5 18. f5 Nb6 19. g5 Be5 20. f6 exf6 21. gxf6 Nd7 22. Bh6 Bxb2 23. Rb1 Bd4+ 24. Kh1 Rfe8 25. Nf5 Bxf6 26. Nxd6 Re5 27. Nxb7 Qc7 28. Bf4 Qxb7 29. Bxe5 Bxe5 30. c3 Qc7 31. d4 Bxh2 32. e5 Bg3 33. Qf3 1-0